 Dungeon Crawl Stone Soup version 0.30-a0-726-gd89dcf765f (webtiles) character file.

Game seed: 10688549781319821029

42 hbarley the Chopper (level 3, 0/28 HPs)
             Began as a Human Gladiator on Jan 29, 2023.
             Killed from afar by Jessica (10 damage)
             ... with a bolt of dispelling energy
             ... on level 2 of the Dungeon.
             The game lasted 00:04:04 (1198 turns).

hbarley the Chopper (Human Gladiator)               Turns: 1198, Time: 00:04:04

Health: 0/28       AC: 11    Str: 16    XL:     3   Next: 77%
Magic:  3/3        EV:  5    Int:  8    God:
Gold:   11         SH:  0    Dex: 14    Spells: 2/2 levels left

rFire   . . .      SeeInvis .    a - +0 war axe
rCold   . . .      Faith    .    (no shield)
rNeg    . . .      Spirit   .    g - +0 plate armour
rPois   .          Reflect  .    c - +0 helmet
rElec   .          Harm     .    (no cloak)
rCorr   .          Rampage  .    (no gloves)
Will    .....                    (no boots) Stlth
                                 (no amulet)
HPRegen 0.24/turn                (no ring)
MPRegen 0.08/turn                (no ring)

@: slowed, very slow
A: no striking features
a: no special abilities


You were on level 2 of the Dungeon.
You visited 1 branch of the dungeon, and saw 2 of its levels.

You collected 11 gold pieces.

Inventory:

Hand Weapons
 a - a +0 war axe (weapon)
Missiles
 d - 3 throwing nets (quivered)
 e - a javelin
Armour
 b - a +0 leather armour
 c - a +0 helmet (worn)
 f - a +0 ring mail
 g - a +0 plate armour (worn)
Scrolls
 h - 2 scrolls of blinking {unknown}
 i - a scroll of teleportation {unknown}
 k - a scroll of butterflies {unknown}
Potions
 j - 2 potions of curing {unknown}


   Skills:
 + Level 2.4 Fighting
 + Level 3.6 Axes
 + Level 2.1 Throwing
 + Level 0.9 Armour
 + Level 3.3 Dodging


You had 2 spell levels left.
You didn't know any spells.
Your spell library was empty.

Dungeon Overview and Level Annotations

Branches:
Dungeon (2/15)

Altars:

Shops:
D:1 [

Annotations:
D:2 Jessica


Message History

You slash the hobgoblin!
You kill the hobgoblin!
Found a scroll labelled PIEWULOMAM.
k - a scroll labelled VYENASHUIZXIAD HP restored.
Jessica the Apprentice Sorceress comes into view.
She is wielding a +0 club and carrying a wand of quicksilver (4).
Jessica shouts!
You hear a shout! x4
Jessica zaps a wand.
The bolt of dispelling energy hits you!
A goblin comes into view.
It is wielding a +0 club. 2 hobgoblins come into view.
The hobgoblin shouts! x2; You hear a shout! x4
Jessica hits you but does no damage.
You barely miss Jessica. Jessica hits you but does no damage.
You slash Jessica!
Jessica is almost dead.
Jessica hits you with a +0 club. Jessica casts a spell at you.
You feel yourself slow down.
You hit Jessica but do no damage.
Jessica is almost dead.
Jessica zaps a wand.
The bolt of dispelling energy hits you.
Your magical effects are unravelling.
A goblin comes into view. It is wielding a +0 club.
Jessica casts a spell at you.
You feel as though you will be slow longer.
The goblin hits you but does no damage. The goblin attacks as you move away!
The goblin hits you with a +0 club. The hobgoblin attacks as you move away!
The hobgoblin hits you but does no damage.
A goblin comes into view. It is wielding a +0 club.
Jessica gestures wildly while chanting.
Jessica seems to speed up.
You barely miss the goblin. You closely miss Jessica.
The goblin shouts!
You hear a shout!
Jessica casts a spell at you.
You feel as though you will be slow longer.
The goblin hits you with a +0 club.
Jessica zaps a wand.
The bolt of dispelling energy hits you!
Your magical effects are unravelling.
You die...

#####...##
#......g.#
#........#
.......g.# #######
.........##.......
#....g..........
#######.###.......
......g@g<#.......
.......@..#.......
######............
+.......#####
#.......#
#.......#
#.......#
#........#
#........#
#....#####


You could see Jessica (fast), 2 hobgoblins and 3 goblins.

Vanquished Creatures
  2 dart slugs (D:1)
  3 bats (D:1)
  4 endoplasms
  5 goblins (D:1)
  2 hobgoblins
  4 jackals (D:1)
  3 kobolds (D:1)
  2 quokkas (D:1)
  3 ball pythons (D:1)
  5 frilled lizards (D:1)
  A rat (D:1)
34 creatures vanquished.

Notes
Turn   | Place    | Note
-------+----------+-------------------------------------------
     0 | D:1      | hbarley the Human Gladiator began the quest for the Orb.
     0 | D:1      | Reached XP level 1. HP: 16/16 MP: 1/1
   132 | D:1      | Reached XP level 2. HP: 22/22 MP: 2/2
   312 | D:1      | Reached XP level 3. HP: 24/27 MP: 3/3
   366 | D:1      | Found Woehi's Armour Shoppe.
   739 | D:1      | You fall into a shaft and drop 1 floor!
  1190 | D:2      | Noticed Jessica
  1198 | D:2      | Killed from afar by Jessica

Illustrated notes

Levels and vault maps discovered:
D:1:      sevenhm_arrival_forest_fort_large_3, layout_loops_ring, serial_shops,
          shop, minmay_bisected
D:2:      layout_basic, basic_altar, uniq_sigmund, uniq_robin, uniq_jessica

Action                     || total
---------------------------++-------
  Melee: War axe           ||    84
         Punch             ||     1
 Armour: Ring mail         ||     5
         Plate armour      ||    78
  Dodge: Dodged            ||    22

Table legend: (Time is in decaauts)
 A = Elapsed time spent in this place.
 B = Non-inter-level travel time spent in this place.
 C = Inter-level travel time spent in this place.
 D = Time resting spent in this place.
 E = Time spent auto-exploring this place.
 F = Levels seen in this place.
 G = Mean time per level.
                   A        B        C        D        E       F      G
               +--------+--------+--------+--------+--------+-----+--------+
         Total |   1228 |    990 |    238 |     87 |    658 |   2 |  614.0 |
       Dungeon |   1228 |    990 |    238 |     87 |    658 |   2 |  614.0 |
               +--------+--------+--------+--------+--------+-----+--------+

Top non-repeatable levels by time:
     D:1: 1185 daAuts
     D:2: 42 daAuts
